 Dungeon Crawl Stone Soup version 0.24.0-1-gfbc8707122 (webtiles) character file.

Game seed: 8693311025742526626, levelgen mode: deterministic

725115 LostNumber the Demon Slayer (level 27, -5/199 HPs)
             Began as a Gargoyle Gladiator on Oct 27, 2019.
             Was a High Priest of the Shining One.
             Splashed by an acid blob's acid (8 damage)
             ... created by the Royal Jelly
             ... on level 5 of the Pits of Slime on Oct 28, 2019.
             The game lasted 02:38:23 (67188 turns).

LostNumber the Demon Slayer (Gargoyle Gladiator)   Turns: 67188, Time: 02:38:23

Health: -5/199     AC: 33    Str: 34    XL:     27
Magic:  7/40       EV: 17    Int:  8    God:    the Shining One [*****.]
Gold:   3020       SH: 37    Dex: 12    Spells: 26/26 levels left

rFire    + + .     SeeInvis .   F - +9 eveningstar (crush)
rCold    + + +     Gourm    .   U - +0 shield
rNeg     + + +     Faith    .   s - +5 gold dragon scales
rPois    ∞         Spirit   .   j - +2 helmet
rElec    +         Reflect  +   A - +1 cloak {+Inv}
rCorr    .         Harm     .   I - +2 pair of gloves
MR       +++..                  M - +1 pair of boots "Daoreumm" {rF+ rN+ Int-2 Stlth+}
Stlth    ..........             Z - +3 amulet of reflection
HPRegen  0.00/turn              r - +5 ring of evasion
MPRegen  0.27/turn              h - ring of Epikaguo {rC+++ MR+ Str-2}

@: mighty, divine shield, corroded, flying, glowing
A: big wings, deformed body, negative energy resistance 1, electricity
resistance, inhibited regeneration, strong 1, unbreathing, petrification
resistance, rot immunity, subdued magic 1, AC +20
}: 5/15 runes: barnacled, silver, obsidian, bone, gossamer
a: Stop Flying, Divine Shield, Cleansing Flame, Summon Divine Warrior, Renounce
Religion, Evoke Invisibility


You were on level 5 of the Pits of Slime.
You worshipped the Shining One.
The Shining One was extremely pleased with you.
You were not hungry.

You visited 13 branches of the dungeon, and saw 61 of its levels.
You visited the Abyss 1 time.
You also visited: Sewer.

You collected 7191 gold pieces.
You spent 4136 gold pieces at shops.
You donated 35 gold pieces to Zin.

Inventory:

Hand Weapons
 a - the +6 shillelagh "Devastator" {shatter}
   (You acquired it on level 9 of the Dungeon)
 b - a +9 sacred scourge of holy wrath (the Shining One gifted it to you on level 1 of the Depths)
 F - a +9 eveningstar of crushing (weapon)
   (You took it off Frederick on level 2 of the Depths)
Missiles
 K - 8 throwing nets (quivered) {!f}
Armour
 j - a +2 helmet (worn)
   (You found it on level 3 of the Depths)
 s - +5 gold dragon scales (worn)
   (You found it on level 4 of the Depths)
 A - a +1 cloak of invisibility (worn)
   (You took it off Nikola on level 1 of the Spider Nest)
 I - a +2 pair of gloves (worn)
   (You took it off Nikola on level 1 of the Spider Nest)
 M - the +1 pair of boots "Daoreumm" (worn) {rF+ rN+ Int-2 Stlth+}
   (You found it on level 14 of the Dungeon)

   It affects your intelligence (-2).
   It protects you from fire.
   It protects you from negative energy.
   It makes you more stealthy.
 U - a +0 shield (worn)
   (You took it off Asterion on level 1 of the Spider Nest)
Jewellery
 h - the ring of Epikaguo (right hand) {rC+++ MR+ Str-2}
   (You acquired it on level 5 of the Depths)

   [ring of protection from magic]

   It affects your strength (-2).
   It renders you almost immune to cold.
   It affects your resistance to hostile enchantments.
 i - an uncursed amulet of rage
   (You took it off a deep elf sorcerer on level 5 of the Vaults)
 n - the ring of Jotzietu {*Corrode rElec rF+ rC+ SInv}
   (You took it off an ogre mage on level 5 of the Vaults)

   [ring of protection from fire]

   It protects you from fire.
   It protects you from cold.
   It insulates you from electricity.
   It lets you see invisible.
   It may corrode you when you take damage.
 r - a +5 ring of evasion (left hand)
   (You found it on level 1 of the Depths)
 Z - a +3 amulet of reflection (around neck)
   (You found it on level 3 of the Lair of Beasts)
Wands
 c - a wand of disintegration (35)
   (You found it on level 1 of the Lair of Beasts)
 d - a wand of iceblast (40)
   (You found it on level 9 of the Dungeon)
 k - a wand of polymorph (18)
   (You took it off Maurice on level 2 of the Orcish Mines)
 t - a wand of flame (62)
   (You took it off Dowan on level 5 of the Dungeon)
 u - a wand of paralysis (62)
   (You found it on level 2 of the Lair of Beasts)
 x - a wand of acid (23)
   (You found it on level 2 of the Lair of Beasts)
Scrolls
 g - 12 scrolls of immolation {!r}
 l - 25 scrolls of remove curse {@r2}
 w - 7 scrolls of fear
 y - 6 scrolls of magic mapping
 C - 2 scrolls of holy word
 H - a scroll of summoning
 L - 25 scrolls of teleportation {@r4}
 O - 3 scrolls of silence
 P - a scroll of vulnerability {!r}
 R - 6 scrolls of fog
 Y - 4 scrolls of blinking
Potions
 f - 4 potions of agility
 m - 4 potions of cancellation
 p - 7 potions of heal wounds {@q2}
 q - 5 potions of ambrosia
 v - 4 potions of magic
 D - 2 potions of might
 E - 3 potions of berserk rage
 G - 8 potions of mutation {!q}
 J - a potion of brilliance
 N - 4 potions of resistance
 T - 6 potions of haste {@q3}
 V - 5 potions of lignification {!q}
 X - 11 potions of curing {@q1}
Miscellaneous
 W - 2 phantom mirrors
Comestibles
 e - 58 rations {!d}


   Skills:
 O Level 27 Fighting
 - Level 16.0 Maces & Flails
 - Level 1.7 Throwing
 * Level 21.7 Armour
 - Level 10.0 Dodging
 + Level 22.2 Shields
 O Level 27 Invocations
 - Level 10.0 Evocations


You had 26 spell levels left.
You didn't know any spells.
Your spell library contained the following spells:

 Spells                   Type           Power        Failure   Level  Hunger
 Animate Skeleton         Necr           N/A          95%         1    ##.....
 Apportation              Tloc           #.....       95%         1    ##.....
 Beastly Appendage        Tmut           #.....       95%         1    ##.....
 Confusing Touch          Hex            #.....       95%         1    ##.....
 Corona                   Hex            #......      95%         1    ##.....
 Flame Tongue             Conj/Fire      #....        95%         1    ##.....
 Infusion                 Chrm           #...         95%         1    ##.....
 Magic Dart               Conj           #...         95%         1    ##.....
 Sandblast                Erth           #.....       95%         1    ##.....
 Shock                    Conj/Air       #...         95%         1    ##.....
 Summon Small Mammal      Summ           #...         95%         1    ##.....
 Blink                    Tloc           N/A          99%         2    ###....
 Call Imp                 Summ           #.......     99%         2    ###....
 Corpse Rot               Necr           N/A          99%         2    ###....
 Ensorcelled Hibernation  Hex/Ice        #.....       99%         2    ###....
 Passwall                 Tmut/Erth      #.......     99%         2    ###....
 Poisonous Vapours        Pois/Air       #.....       99%         2    ###....
 Searing Ray              Conj           #.....       99%         2    ###....
 Shroud of Golubria       Chrm/Tloc      #.....       99%         2    ###....
 Slow                     Hex            #.......     99%         2    ###....
 Song of Slaying          Chrm           #.......     99%         2    ###....
 Sticks to Snakes         Tmut           #.......     99%         2    ###....
 Call Canine Familiar     Summ           #.......     100%        3    ####...
 Confuse                  Hex            #.......     100%        3    ####...
 Conjure Flame            Conj/Fire      #.......     100%        3    ####...
 Dazzling Spray           Conj/Hex       #.....       100%        3    ####...
 Gell's Gravitas          Tloc           #.........   100%        3    ####...
 Inner Flame              Hex/Fire       #.......     100%        3    ####...
 Lesser Beckoning         Tloc           #.........   100%        3    ####...
 Mephitic Cloud           Conj/Pois/Air  #.......     100%        3    ####...
 Portal Projectile        Hex/Tloc       #.....       100%        3    ####...
 Regeneration             Chrm/Necr      #.........   100%        3    ####...
 Spectral Weapon          Hex/Chrm       #.......     100%        3    ####...
 Spider Form              Tmut/Pois      #.........   100%        3    ####...
 Stone Arrow              Conj/Erth      #.....       100%        3    ####...
 Summon Guardian Golem    Hex/Summ       #.......     100%        3    ####...
 Tukima's Dance           Hex            #.......     100%        3    ####...
 Vampiric Draining        Necr           #.........   100%        3    ####...
 Animate Dead             Necr           N/A          100%        4    #####..
 Cause Fear               Hex            #.........   100%        4    #####..
 Force Lance              Conj/Tloc      #.......     100%        4    #####..
 Fulminant Prism          Conj/Hex       #.........   100%        4    #####..
 Ice Form                 Ice/Tmut       #.......     100%        4    #####..
 Iskenderun's Mystic Bla  Conj           #.......     100%        4    #####..
 Leda's Liquefaction      Hex/Erth       #.........   100%        4    #####..
 Petrify                  Tmut/Erth      #.......     100%        4    #####..
 Sticky Flame             Conj/Fire      #.......     100%        4    #####..
 Summon Ice Beast         Ice/Summ       #.......     100%        4    #####..
 Summon Lightning Spire   Summ/Air       #.......     100%        4    #####..
 Alistair's Intoxication  Tmut/Pois      #.......     100%        5    ######.
 Blade Hands              Tmut           #.........   100%        5    ######.
 Bolt of Draining         Conj/Necr      #.........   100%        5    ######.
 Bolt of Magma            Conj/Fire/Erth #.........   100%        5    ######.
 Irradiate                Conj/Tmut      #.........   100%        5    ######.
 Lee's Rapid Deconstruct  Erth           #.........   100%        5    ######.
 Lightning Bolt           Conj/Air       #.........   100%        5    ######.
 Metabolic Englaciation   Hex/Ice        #.........   100%        5    ######.
 Summon Forest            Summ/Tloc      #.........   100%        5    ######.
 Yara's Violent Unravell  Hex/Tmut       #.........   100%        5    ######.
 Conjure Ball Lightning   Conj/Air       #.........   100%        6    #######
 Dispersal                Tloc           #.........   100%        6    #######
 Hydra Form               Tmut           #.........   100%        6    #######
 Poison Arrow             Conj/Pois      #.........   100%        6    #######
 Dragon Form              Tmut           #.........   100%        7    #######
 Malign Gateway           Summ/Tloc      #.........   100%        7    #######
 Monstrous Menagerie      Summ           #.........   100%        7    #######
 Orb of Destruction       Conj           #.........   100%        7    #######
 Ring of Flames           Chrm/Fire      #.........   100%        7    #######
 Summon Greater Demon     Summ           #.........   100%        7    #######
 Summon Hydra             Summ           #.........   100%        7    #######
 Chain Lightning          Conj/Air       #.........   100%        8    #######
 Lehudib's Crystal Spear  Conj/Erth      #.........   100%        8    #######
 Summon Horrible Things   Summ           #.........   100%        8    #######
 Fire Storm               Conj/Fire      #.........   100%        9    #######
 Glaciate                 Conj/Ice       #.........   100%        9    #######
 Sublimation of Blood     Necr           Unusable     N/A         2    N/A
 Statue Form              Tmut/Erth      Unusable     N/A         6    N/A

Dungeon Overview and Level Annotations

Branches:
Dungeon (15/15)            Temple (1/1) D:6            Lair (6/6) D:11
 Shoals (4/4) Lair:4       Spider (4/4) Lair:2        Slime (5/5) Lair:5
    Orc (2/2) D:9             Elf (0/3) Orc:2        Vaults (5/5) D:13
  Crypt (1/3) Vaults:2     Depths (5/5) D:15           Hell (visited)
    Dis (0/7) Hell            Geh (7/7) Hell            Coc (0/7) Hell
    Tar (7/7) Hell            Zot (0/5) Depths:5      Sewer (visited)

Altars:
Ashenzari
Cheibriados
Dithmenos
Elyvilon
Fedhas
Gozag
Hepliaklqana
Kikubaaqudgha
Makhleb
Nemelex Xobeh
Okawaru
Qazlal
Ru
Sif Muna
Trog
Uskayaw
Vehumet
Wu Jian
Xom
Yredelemnul
Zin
The Shining One
Beogh
Jiyva
Lugonu

Shops:
D:9 ?   D:11 [   D:13 *   Orc:2 ?**[   Vaults:1 (}(   Vaults:2 (   Vaults:3 ?%
Vaults:5 !   Depths:1 [*   Depths:2 (   Depths:3 :

Portals:
Hell: Depths:1 Depths:2 Depths:3 Depths:4 Depths:5
Abyss: Depths:1 Depths:2 Depths:4 Depths:5
Pandemonium: Depths:3
Ziggurat: Depths:1

Annotations:
Shoals:3 3 runed translucent doors, exclusion: obsidian statue, Amuaxidi's ghost, adept FoCK
Spider:4 Aviun's ghost, adept SpEn
Tar:7 exclusion: 14 doors


Innate Abilities, Weirdness & Mutations

You are resistant to torment.
Your stone body is resilient. (AC +20)
You are immune to poison.
Your large and strong wings let you fly indefinitely.
You resist negative energy. (rN+)
You are resistant to electric shocks. (rElec)
You can survive without breathing.
You are immune to petrification.
You are immune to rotting.
Armour fits poorly on your strangely shaped body.
You do not regenerate when monsters are visible.
Your muscles are strong. (Str +2)
Your spells are a little easier to cast, but a little less powerful.


Message History

The acid blob spits acid at you.
The splash of acid reflects off an invisible shield around you!
The splash of acid hits the acid blob.
The acid blob completely resists.
You feel yourself slow down. The acid blob spits acid at you.
The splash of acid hits you but does no damage.
The acid corrodes you!
You are splashed with acid!
* * * LOW HITPOINT WARNING * * *
The acid blob spits acid at you.
The splash of acid hits you but does no damage.
You are splashed with acid!
* * * LOW HITPOINT WARNING * * *
The acid blob spits acid at you. The splash of acid misses you.
The acid blob spits acid at you. The splash of acid hits you.
* * * LOW HITPOINT WARNING * * *
You are splashed with acid!
* * * LOW HITPOINT WARNING * * *
The acid blob spits acid at you.
The splash of acid hits you but does no damage.
The acid corrodes you!
You are splashed with acid!
* * * LOW HITPOINT WARNING * * *
Unknown command.
The acid blob spits acid at you. The splash of acid hits you.
* * * LOW HITPOINT WARNING * * *
You are splashed with acid!
* * * LOW HITPOINT WARNING * * *
The acid blob spits acid at you.
The splash of acid reflects off an invisible shield around you!
The splash of acid hits the acid blob.
The acid blob completely resists.
Unknown command.
The acid blob spits acid at you.
The splash of acid reflects off an invisible shield around you!
The splash of acid hits the acid blob.
The acid blob completely resists.
Unknown command.
The acid blob spits acid at you. The splash of acid misses you.
Unknown command.
The acid blob spits acid at you.
The splash of acid hits you but does no damage.
The acid corrodes you!
You are splashed with acid!
* * * LOW HITPOINT WARNING * * *
As you read the scroll of fog, it crumbles to dust.
The scroll dissolves into smoke.
The acid blob spits acid at you.
The splash of acid hits you but does no damage.
You are splashed with acid!
You die...

#### ###...#####
##....#....###
##....§.§.§...####
##.....§§§§.......######
#.......§@§............##
.........§§§.............#
..........................##
............................#
.............................
.............................
..........JJJ................
.............................
.............................


You could see 3 acid blobs.

Vanquished Creatures
  Asmodeus (Geh:7)
  the Royal Jelly (Slime:5)
  Ereshkigal (Tar:7)
  3 ancient liches
  Mara (Depths:3)
  A juggernaut (Depths:3)
  Bai Suzhen (Depths:2)
  Frederick (Depths:2)
  Sojobo (Depths:2)
  6 golden dragons
  Geryon (Hell)
  Nikola (Spider:1)
  7 bone dragons
  Arachne (Spider:3)
  14 Tzitzimimeh
  7 doom hounds
  12 liches
  15 Brimstone Fiends
  5 tentacled monstrosities
  3 titans
  Asterion (Spider:1)
  3 quicksilver dragons
  2 ancient champions (Hell)
  8 acid blobs
  Frances (Spider:1)
  A kraken (Shoals:4)
  5 sphinxes
  Gastronok (D:9)
  2 eldritch tentacles
  8 tengu reavers
  22 shadow dragons
  A storm dragon (Vaults:5)
  A revenant (Hell)
  4 azure jellies
  9 frost giants
  9 fire giants
  12 vault wardens
  4 deep elf sorcerers
  An orc warlord (Orc:2)
  4 ghost moths (Spider:4)
  A ghost moth (shapeshifter) (Vaults:3)
  4 iron dragons
  Aizul (Spider:1)
  13 balrugs
  A draconian shifter (Depths:5)
  4 juggernaut zombies
  4 emperor scorpions
  2 deep elf elementalists
  4 spriggan defenders
  3 war gargoyles
  A ghoul (Vaults:4)
  36 reapers
  14 ironheart preservers
  22 stone giants
  12 very ugly things
  7 entropy weavers
  2 draconian annihilators (Depths:5)
  5 vampire knights
  6 deep elf demonologists
  5 deep elf annihilators
  2 red draconians (Depths:5)
  2 black draconians (Depths:5)
  A lorocyproca (Hell)
  2 yellow draconians (Depths:5)
  An eidolon (Vaults:2)
  Snorg (D:10)
  A green death (Hell)
  4 blizzard demons (Hell)
  13 spark wasps
  19 ettins
  A crystal guardian (Vaults:3)
  15 merfolk impalers
  6 merfolk javelineers
  4 deep elf death magi
  A death ooze (Slime:5)
  10 fire dragons
  A quicksilver dragon zombie (Geh:1)
  5 deep elf high priests
  2 jiangshi
  14 yaktaur captains
  9 great orbs of eyes
  16 ogre magi
  5 rakshasas
  4 quicksilver dragon skeletons
  40 vault guards
  13 ice dragons
  6 catoblepae
  7 hydras
  2 death knights
  7 spriggan air magi
  4 merfolk avatars
  7 centaur warriors
  An anaconda (shapeshifter) (Depths:5)
  4 merfolk aquamancers
  2 alligator snapping turtles
  39 two-headed ogres
  A dancing weapon (Vaults:5)
  A ghost crab (Tar:7)
  A satyr (Shoals:3)
  A tengu warrior (Depths:5)
  Erica (D:10)
  5 deep troll shamans
  A queen ant (Spider:2)
  13 deep troll earth magi
  22 hell hogs
  A titan zombie (Tar:1)
  15 death yaks
  4 storm dragon zombies
  6 vampire magi
  52 hell knights
  A spriggan berserker (Depths:4)
  Sonja (Lair:1)
  11 sun demons
  Nergalle (Lair:4)
  22 soul eaters
  4 titan skeletons
  10 deep elf knights
  2 iron golems (Hell)
  2 storm dragon skeletons
  88 skeletal warriors
  12 sea snakes
  An iron troll (Depths:2)
  A ghost moth zombie (Geh:5)
  12 shadow wraiths (Tar:7)
  6 glowing orange brains
  5 anaconda zombies
  11 flayed ghosts
  2 sea snakes (shapeshifter)
  15 shadow demons
  A spark wasp zombie (Depths:4)
  9 unseen horrors
  An unseen horror (shapeshifter) (D:15)
  7 wolf spider zombies
  Pikel (D:5)
  3 golden dragon skeletons
  19 orc knights
  3 anaconda skeletons
  5 deep elf archers
  2 harpies (shapeshifter)
  4 shadow dragon zombies
  4 wizards
  19 ironbrand convokers
  25 deep trolls
  23 harpies
  24 orb spiders
  4 shadow dragon skeletons
  A lindwurm (Lair:6)
  12 phantasmal warriors
  19 deep elf magi
  13 necromancers
  3 orc sorcerers
  5 frost giant zombies
  41 wolf spiders
  4 fire giant zombies
  4 moths of wrath
  4 shining eyes
  An oklob plant (Shoals:2)
  2 cyclopes (Vaults:1)
  2 iron dragon skeletons
  A salamander (shapeshifter) (Vaults:2)
  5 stone giant zombies
  42 ugly things
  16 fauns
  11 elephants
  11 merfolk sirens
  A salamander (Geh:7)
  17 manticores
  2 human skeletons
  5 frost giant skeletons
  A moth of wrath (shapeshifter) (Vaults:5)
  A shock serpent zombie (Geh:6)
  4 black mambas
  An eye of devastation (Slime:2)
  5 water nymphs
  Joseph (D:8)
  2 stone giant skeletons
  2 dire elephant zombies
  18 vault sentinels
  Maurice (Orc:2)
  Psyche (D:8)
  4 dire elephant skeletons
  A spiny frog (shapeshifter) (Vaults:3)
  9 fire giant skeletons
  A spriggan skeleton (Depths:3)
  9 rust devils (Hell)
  4 gargoyles
  3 smoke demons (Geh:7)
  12 molten gargoyles (Geh:7)
  An emperor scorpion zombie (Geh:1)
  A torpor snail (Lair:4)
  9 spiny frogs
  2 orange demons (Hell)
  A yaktaur (shapeshifter) (Vaults:5)
  7 demonic crawlers
  A kobold demonologist (D:12)
  A yaktaur zombie (Vaults:1)
  8 komodo dragons
  28 yaktaurs
  10 freezing wraiths
  A rime drake (Lair:6)
  2 hydra zombies
  26 hellions
  13 tormentors
  9 efreet
  4 ice devils
  21 red devils
  A harpy zombie (Geh:7)
  A merfolk (shapeshifter) (Vaults:5)
  5 silent spectres
  3 tengu conjurers
  A troll (shapeshifter) (Depths:4)
  2 meliai (shapeshifter)
  Grinder (D:4)
  31 merfolk
  3 tyrant leeches (Lair:4)
  A jumping spider (shapeshifter) (D:15)
  A wolf spider simulacrum (D:15)
  Prince Ribbit (D:5)
  13 trolls
  A hydra skeleton (Geh:7)
  A hornet (shapeshifter) (Vaults:1)
  16 hornets
  36 jumping spiders
  13 blink frogs
  A blink frog (shapeshifter) (Vaults:3)
  5 wind drakes
  60 slime creatures
  3 harpy skeletons
  A hippogriff (shapeshifter) (D:15)
  6 ice dragon zombies
  5 ettin zombies
  7 dream sheep (Lair:5)
  18 hippogriffs
  4 fire dragon zombies
  14 snapping turtles
  An alligator skeleton (Tar:7)
  67 flying skulls
  5 alligator zombies
  4 ice dragon skeletons
  33 tarantellas
  5 spriggans
  21 shadows
  A black mamba zombie (Geh:7)
  2 ettin skeletons
  103 redbacks
  27 water elementals
  2 tarantellas (shapeshifter)
  6 wyverns
  9 fire dragon skeletons
  62 yaks
  A vampire (D:13)
  A fire bat (shapeshifter) (Vaults:5)
  24 wraiths
  15 fire elementals
  Grum (D:8)
  A basilisk (shapeshifter) (Vaults:2)
  A basilisk (Lair:2)
  A black mamba skeleton (Tar:7)
  A golden eye (shapeshifter) (Depths:4)
  5 vampire mosquitoes
  A steam dragon (D:11)
  7 hungry ghosts
  12 wargs
  4 spatial vortices
  A soldier ant (shapeshifter) (Depths:4)
  A naga (shapeshifter) (D:15)
  A human zombie (Depths:3)
  4 swamp worms (Lair:4)
  2 acid dragons
  24 soldier ants
  9 water moccasins
  55 hell hounds
  Duvessa (D:5)
  A floating eye (Depths:2)
  A spiny frog zombie (Geh:1)
  A manticore zombie (Tar:3)
  6 sky beasts
  8 porcupines
  54 orc warriors
  5 spiny frog skeletons
  3 swamp dragon zombies
  A black bear (Lair:6)
  4 eyes of draining
  A fire dragon simulacrum (Hell)
  A black bear (shapeshifter) (Vaults:5)
  22 wolves
  2 ice beasts
  22 boggarts
  23 necrophages
  5 phantoms
  40 ogres
  4 snapping turtle skeletons
  18 centaurs
  A manticore skeleton (Geh:3)
  2 big kobolds
  A big kobold (shapeshifter) (Vaults:3)
  14 crocodiles
  27 bullfrogs
  A bullfrog (shapeshifter) (Vaults:5)
  Dowan (D:5)
  8 scorpions
  A water moccasin skeleton (D:6)
  An orc simulacrum (Vaults:2)
  A troll skeleton (Tar:6)
  47 wights
  7 howler monkeys
  3 centaur zombies
  6 crimson imps
  2 bullfrog zombies
  24 orc priests
  10 hounds
  10 centaur skeletons
  10 jellies
  An iron imp (Depths:1)
  A bullfrog skeleton (D:12)
  Ijyb (D:4)
  10 hell rats (Hell)
  27 orc wizards
  33 worker ants
  2 human simulacra
  2 hound skeletons
  A howler monkey zombie (D:7)
  A howler monkey skeleton (D:10)
  3 gnolls (D:3)
  16 adders
  4 river rats
  13 shadow imps
  An adder skeleton (D:4)
  11 worms
  A dart slug (D:3)
  5 leopard geckos
  94 orcs
  3 bats
  3 giant cockroaches
  9 goblins
  11 hobgoblins
  7 iguanas
  17 jackals
  17 kobolds
  6 quokkas
  4 ball pythons
  5 frilled lizards
  A leopard gecko skeleton (D:3)
  An orc zombie (Tar:6)
  A quokka skeleton (D:4)
  13 rats
  3 crawling corpses (Vaults:5)
  2 fire vortices (Geh:1)
  3 fungi
  2 plants
  3 tentacles (Shoals:4)
3045 creatures vanquished.

Vanquished Creatures (collateral kills)
  A golden dragon (Vaults:4)
  the Enchantress (Depths:2)
  A titan (Vaults:4)
  A sphinx (Vaults:4)
  Agnes (Spider:1)
  An emperor scorpion (Spider:1)
  2 spriggan defenders (Depths:2)
  A large abomination (Vaults:4)
  A spriggan air mage (Depths:2)
  A dancing weapon (Vaults:4)
11 creatures vanquished.

Vanquished Creatures (others)
  A tengu reaver (Depths:4)
  A fire giant (Geh:7)
  2 stone giants
  2 yaktaur captains (Vaults:5)
  A fire dragon (Depths:2)
  A centaur warrior (Depths:4)
  A hell hog (Geh:2)
  A vampire mage (Depths:4)
  A spark wasp zombie (Depths:4)
  A wizard (Depths:4)
  An anaconda skeleton (Geh:7)
  An orb spider (Spider:4)
  A wolf spider (Spider:1)
  A cyclops (Orc:1)
  A salamander (Geh:7)
  A frost giant skeleton (Geh:7)
  5 yaktaurs
  A jumping spider (Spider:1)
  A merfolk (Shoals:2)
  A wraith (Geh:1)
  A shadow (Geh:1)
  A swamp worm (Lair:4)
  5 orc warriors
  An ogre (Vaults:5)
  4 centaurs
  A hell rat (Hell)
  A human simulacrum (D:11)
  5 orcs (Orc:2)
  A quokka (D:8)
  A bush (Lair:6)
  19 fungi
  23 plants
  A tentacle (Shoals:4)
90 creatures vanquished.

Grand Total: 3146 creatures vanquished

Notes
Turn   | Place    | Note
-------+----------+-------------------------------------------
     0 | D:1      | LostNumber the Gargoyle Gladiator began the quest for the
                  | Orb.
     0 | D:1      | Reached XP level 1. HP: 12/12 MP: 1/1
   286 | D:1      | Reached XP level 2. HP: 18/18 MP: 2/2
   495 | D:1      | Reached skill level 1 in Armour
   816 | D:2      | Noticed a howler monkey
   824 | D:2      | Killed a howler monkey
   824 | D:2      | Reached XP level 3. HP: 22/22 MP: 3/3
   824 | D:2      | Reached XP level 4. HP: 27/27 MP: 4/4
  1027 | D:2      | Found a bloodstained altar of Trog.
  1192 | D:2      | Reached XP level 5. HP: 32/32 MP: 5/5
  1223 | D:2      | Found a sacrificial altar of Ru.
  1756 | D:3      | Reached skill level 5 in Maces & Flails
  1773 | D:3      | Reached XP level 6. HP: 14/38 MP: 6/6
  2191 | D:3      | Found a shimmering altar of Xom.
  2784 | D:4      | Noticed Grinder
  2797 | D:4      | Killed Grinder
  2797 | D:4      | Reached XP level 7. HP: 44/44 MP: 7/7
  3312 | D:4      | Found a radiant altar of Vehumet.
  3362 | D:4      | Reached skill level 5 in Fighting
  3383 | D:4      | Noticed Ijyb
  3684 | D:4      | Killed Ijyb
  3684 | D:4      | Reached XP level 8. HP: 49/49 MP: 8/8
  4147 | D:4      | Reached skill level 5 in Armour
  4440 | D:5      | Entered Level 5 of the Dungeon
  4667 | D:5      | Found a glowing drain.
  4672 | Sewer    | Entered a sewer
  5181 | D:5      | Noticed Prince Ribbit
  5220 | D:5      | Killed Prince Ribbit
  5436 | D:5      | Found a basalt altar of Yredelemnul.
  5439 | D:5      | Noticed Pikel
  5480 | D:5      | Killed Pikel
  5480 | D:5      | Reached XP level 9. HP: 44/57 MP: 9/9
  5585 | D:5      | Noticed Dowan
  5585 | D:5      | Noticed Duvessa
  5602 | D:5      | Killed Duvessa
  5652 | D:5      | Killed Dowan
  5940 | D:6      | Found a shadowy altar of Dithmenos.
  6070 | D:6      | Reached skill level 10 in Maces & Flails
  6900 | D:6      | Found a staircase to the Ecumenical Temple.
  6941 | Temple   | Entered the Ecumenical Temple
  7071 | Temple   | Became a worshipper of Zin the Law-Giver
  7071 | Temple   | Reached * piety under Zin
  7314 | D:7      | Found a glowing golden altar of the Shining One.
  7319 | D:7      | Fell from the grace of Zin
  7319 | D:7      | Became a worshipper of the Shining One
  7606 | D:7      | Reached skill level 1 in Invocations
  7667 | D:7      | Reached XP level 10. HP: 63/64 MP: 11/11
  7995 | D:8      | Reached * piety under the Shining One
  7996 | D:8      | Noticed Joseph
  8191 | D:8      | Noticed Grum
  8399 | D:8      | Found an iron altar of Okawaru.
  8410 | D:8      | Killed Grum
  8440 | D:8      | Noticed Psyche
  8662 | D:8      | Killed Psyche
  8793 | D:8      | Found the +5 scythe "Finisher" {speed, eviscerate}
  8822 | D:8      | Killed Joseph
  8904 | D:8      | Found a white marble altar of Elyvilon.
  9096 | D:9      | Noticed a two-headed ogre
  9829 | D:9      | Identified 2 scrolls of acquirement
  9857 | D:9      | Noticed Gastronok
  9857 | D:9      | Reached ** piety under the Shining One
  9866 | D:9      | Reached skill level 5 in Invocations
  9866 | D:9      | Reached XP level 11. HP: 71/71 MP: 14/14
  9878 | D:9      | Found the +6 shillelagh "Devastator" {shatter}
  9899 | D:9      | Killed Gastronok
  9899 | D:9      | Reached skill level 10 in Fighting
 10073 | D:9      | Found a staircase to the Orcish Mines.
 10155 | D:9      | Found Gybigyne's Magic Scroll Shoppe.
 10163 | D:9      | Bought a scroll of blinking for 112 gold pieces
 10163 | D:9      | Bought a scroll of teleportation for 45 gold pieces
 10245 | D:10     | Entered Level 10 of the Dungeon
 10274 | D:10     | Noticed Erica
 10282 | D:10     | Killed Erica
 10320 | D:10     | Noticed an unseen horror
 10325 | D:10     | Killed an unseen horror
 10328 | D:10     | Noticed Snorg
 10342 | D:10     | Killed Snorg
 10495 | D:10     | You fall into a shaft and drop 3 floors!
 10495 | D:13     | Noticed a deep elf mage
 10602 | D:12     | You fall into a shaft and drop 2 floors!
 10635 | D:14     | Reached XP level 12. HP: 69/79 MP: 17/17
 10778 | D:14     | Got a slimy long sword
 10818 | D:14     | Reached *** piety under the Shining One
 10910 | D:14     | Noticed a death knight
 10919 | D:14     | Killed a death knight
 10947 | D:14     | Got a pair of fine boots
 11050 | D:12     | Noticed a two-headed ogre
 11056 | D:12     | Killed a two-headed ogre
 11136 | D:11     | Reached **** piety under the Shining One
 11479 | D:11     | Found a shattered altar of Ashenzari.
 12328 | D:11     | Found Faicyuhe's Antique Armour Shoppe.
 12338 | D:11     | Identified the +1 pair of boots "Daoreumm" {rF+ rN+ Int-2
                  | Stlth+} (You found it on level 14 of the Dungeon)
 12576 | D:11     | Found a staircase to the Lair.
 12587 | Lair:1   | Entered Level 1 of the Lair of Beasts
 12764 | Lair:1   | Noticed Sonja
 12771 | Lair:1   | Killed Sonja
 12771 | Lair:1   | Reached XP level 13. HP: 87/87 MP: 20/20
 12779 | Lair:1   | Reached skill level 1 in Evocations
 12951 | Lair:1   | Reached skill level 10 in Invocations
 13351 | Lair:2   | Found a hole to the Spider Nest.
 14503 | Lair:3   | Got a scorched falchion
 14623 | Lair:3   | Reached skill level 1 in Shields
 15262 | Lair:4   | Found a staircase to the Shoals.
 15281 | Lair:4   | Noticed Nergalle
 15299 | Lair:4   | Killed Nergalle
 15336 | Lair:4   | Reached ***** piety under the Shining One
 15370 | Lair:4   | Gained mutation: Your large and strong wings let you fly
                  | indefinitely. [Gargoyle growth]
 15370 | Lair:4   | Reached XP level 14. HP: 93/94 MP: 22/22
 16336 | Lair:5   | Found a viscous altar of Jiyva.
 16337 | Lair:5   | Found a staircase to the Slime Pits.
 16892 | Lair:5   | Reached skill level 5 in Evocations
 16900 | Lair:5   | Reached skill level 10 in Armour
 17136 | Lair:6   | Entered Level 6 of the Lair of Beasts
 18018 | Lair:6   | Reached XP level 15. HP: 50/100 MP: 25/25
 18249 | Lair:6   | Got a twisted leather armour
 19384 | D:12     | Found a corrupted altar of Lugonu.
 20597 | D:13     | Found a gate to the Vaults.
 20814 | D:13     | Reached ****** piety under the Shining One
 21046 | D:13     | Found Ufat's General Store.
 21402 | D:15     | Entered Level 15 of the Dungeon
 21523 | D:15     | Found a staircase to the Depths.
 21591 | D:15     | Reached skill level 15 in Invocations
 21815 | D:15     | Reached XP level 16. HP: 107/107 MP: 27/27
 22022 | D:15     | Reached skill level 15 in Fighting
 22862 | Spider:1 | Entered Level 1 of the Spider Nest
 23345 | Spider:1 | Noticed Agnes
 23359 | Spider:1 | Killed Agnes
 23658 | Spider:1 | Noticed Asterion
 23679 | Spider:1 | Killed Asterion
 23730 | Spider:1 | Noticed Frances
 23747 | Spider:1 | Killed Frances
 23986 | Spider:1 | Reached skill level 5 in Shields
 24251 | Spider:1 | Noticed Nikola
 24282 | Spider:1 | Killed Nikola
 24651 | Spider:1 | You are sucked into a shaft and drop 1 floor!
 24669 | Spider:2 | Noticed Aizul
 25041 | Spider:1 | Killed Aizul
 25059 | Spider:2 | Reached XP level 17. HP: 81/113 MP: 29/29
 27073 | Spider:3 | Got a pair of dazzling boots
 27261 | Spider:4 | Entered Level 4 of the Spider Nest
 27261 | Spider:4 | Noticed Arachne
 27296 | Spider:3 | Killed Arachne
 28907 | Spider:4 | Reached skill level 10 in Shields
 28912 | Spider:4 | Reached XP level 18. HP: 102/120 MP: 30/30
 29107 | Spider:4 | Reached skill level 10 in Evocations
 29655 | Spider:4 | Got a gossamer rune of Zot
 29825 | Spider:4 | Found a runed translucent door.
 29826 | Spider:4 | Noticed Aviun's ghost (adept SpEn)
 29988 | Shoals:1 | Entered Level 1 of the Shoals
 30823 | Shoals:1 | Identified the cursed +0 pair of boots of the Cuttlefish
                  | {rPois rN+ Str-2 Dex+3} (You found it on level 3 of the
                  | Spider Nest)
 32393 | Shoals:2 | Found a hide-covered altar of Uskayaw.
 33133 | Shoals:3 | Found a runed translucent gate.
 33495 | Shoals:3 | Reached XP level 19. HP: 127/127 MP: 31/31
 33613 | Shoals:3 | Found a runed translucent gate.
 33613 | Shoals:3 | Found a runed translucent gate.
 33623 | Shoals:3 | Found an opulent altar of Gozag.
 33625 | Shoals:3 | Noticed Amuaxidi's ghost (adept FoCK)
 34072 | Shoals:4 | Entered Level 4 of the Shoals
 35337 | Shoals:4 | Reached skill level 15 in Armour
 35623 | Shoals:4 | Got a barnacled rune of Zot
 36115 | Orc:1    | Entered Level 1 of the Orcish Mines
 36358 | Orc:2    | Entered Level 2 of the Orcish Mines
 36496 | Orc:2    | Found Ceehegant's Armour Shoppe.
 36519 | Orc:2    | Found a staircase to the Elven Halls.
 36529 | Orc:2    | Noticed Maurice
 36538 | Orc:2    | Killed Maurice
 36656 | Orc:1    | Found a bloodstained altar of Trog.
 36679 | Orc:1    | Found a roughly hewn altar of Beogh.
 36976 | Orc:2    | Found Xiptilos's Assorted Antiques.
 36976 | Orc:2    | Found Muedgh's Antique Weapon Shop.
 36980 | Orc:2    | Found Huimaech's Magic Scroll Boutique.
 36982 | Orc:2    | Found Sucwouto's Assorted Antiques.
 36988 | Orc:2    | Bought a scroll labeled MEXYTU FUODUA for 32 gold pieces
 36995 | Orc:2    | Bought a scroll of teleportation for 54 gold pieces
 36995 | Orc:2    | Bought a scroll of acquirement for 936 gold pieces
 37553 | Depths:1 | Entered Level 1 of the Depths
 37661 | D:11     | Bought a spiked plate armour for 616 gold pieces
 37671 | D:11     | Identified the +3 plate armour of the Great Game {rElec
                  | Dex+5} (You bought it in a shop on level 11 of the Dungeon)
 37672 | D:11     | Bought a pair of slimy boots for 209 gold pieces
 37682 | D:11     | Identified the cursed +0 pair of boots of the Gardener
                  | {rPois} (You bought it in a shop on level 11 of the
                  | Dungeon)
 37780 | D:9      | Bought a scroll of acquirement for 780 gold pieces
 37780 | D:9      | Bought a scroll of blinking for 112 gold pieces
 37783 | D:9      | Got a steaming war axe
 37943 | Vaults:1 | Entered Level 1 of the Vaults
 37993 | Vaults:1 | Identified the +6 war axe "Qafiloo" {flame, rElec rF+ Int+6
                  | Stlth-} (You acquired it on level 9 of the Dungeon)
 37998 | Vaults:1 | Found Bamuim's Gadget Shoppe.
 38606 | Vaults:1 | Paralysed by a great orb of eyes for 2 turns
 39149 | Vaults:1 | Found Modio's Weapon Boutique.
 39279 | Vaults:1 | Reached XP level 20. HP: 136/136 MP: 33/33
 39380 | Vaults:1 | Found Yhuru's Antique Weapon Shop.
 39602 | Vaults:1 | Reached skill level 5 in Dodging
 40050 | Vaults:2 | Identified the +3 long sword of Sucvab {pain, *Drain rC+
                  | MR+ Dex+2 SInv} (You found it on level 14 of the Dungeon)
 40130 | Vaults:2 | Got a faintly humming scale mail
 40389 | Vaults:2 | Paralysed by an ogre mage for 7 turns
 40882 | Vaults:2 | Found a staircase to the Crypt.
 40979 | Vaults:2 | Found Xeschaekh's Antique Weapon Shop.
 41080 | Crypt:1  | Entered Level 1 of the Crypt
 41405 | Vaults:3 | Reached skill level 15 in Shields
 41421 | Vaults:3 | Identified the +4 falchion of Cuidwes {flame, Str+4 Dex+4}
                  | (You found it on level 3 of the Lair of Beasts)
 41493 | Vaults:3 | Reached XP level 21. HP: 55/142 MP: 5/34
 41958 | Vaults:3 | Got a steaming mace
 42194 | Vaults:3 | Found Ykar Taciargh's Magic Scroll Emporium.
 42213 | Vaults:3 | Found Ymuts's Food Shop.
 44206 | Depths:1 | Found Adyig Cit's Assorted Antiques.
 44241 | Depths:1 | Found a shattered altar of Ashenzari.
 44381 | Depths:1 | Found a one-way gate to the infinite horrors of the Abyss.
 44420 | Depths:1 | Found a gateway to a ziggurat.
 44877 | Depths:1 | HP: 3/145 [frost giant/bolt of cold (46)]
 45298 | Depths:1 | Found Venomikonn's Armour Boutique.
 45372 | Depths:1 | Found a gateway to Hell.
 45576 | Depths:1 | Reached XP level 22. HP: 149/152 MP: 36/36
 45987 | Depths:2 | Noticed the Enchantress
 45997 | Depths:2 | Identified the +2 mace of Paluj {freeze, Dex+3} (You
                  | acquired it on level 3 of the Vaults)
 46001 | Depths:2 | Killed the Enchantress
 46009 | Depths:2 | Got a twitching steel amulet
 46380 | Depths:1 | Identified a +3 sacred scourge of holy wrath (a +1 demon
                  | whip of venom blessed by the Shining One)
 46380 | Depths:1 | Received a gift from the Shining One
 46432 | Depths:2 | Reached skill level 10 in Dodging
 46710 | Depths:2 | Noticed a golden dragon
 46746 | Depths:2 | Killed a golden dragon
 47167 | Depths:2 | Found Norchel's Weapon Emporium.
 47291 | Depths:2 | Identified the amulet "Xebbuoz" {Inacc Str+5 Dex-2} (You
                  | found it on level 2 of the Depths)
 47347 | Depths:2 | Identified the +6 scale mail of Mirth {Regen+} (You found
                  | it on level 2 of the Vaults)
 47419 | Depths:2 | Got an ancient flail
 47420 | Depths:2 | Identified the +10 flail "Beetleslayer" {speed, MP+9 Dex+4}
                  | (You found it on level 2 of the Depths)
 47529 | Depths:3 | Noticed Bai Suzhen
 47581 | Depths:2 | Killed Bai Suzhen
 47914 | Depths:3 | Noticed Frederick
 47917 | Depths:3 | Noticed Sojobo
 48063 | Depths:3 | Found Muiloyci's Book Boutique.
 48069 | Depths:3 | Noticed an ancient lich
 48109 | Depths:3 | Killed an ancient lich
 48110 | Depths:3 | Paralysed by a vampire knight for 2 turns
 48141 | Depths:2 | Killed Sojobo
 48141 | Depths:2 | Reached XP level 23. HP: 125/160 MP: 37/37
 48701 | Depths:2 | Killed Frederick
 49133 | Depths:3 | Found a one-way gate leading to the halls of Pandemonium.
 49201 | Depths:3 | Noticed Mara
 49212 | Depths:3 | Noticed LostNumber's illusion
 49222 | Depths:3 | Killed Mara
 49314 | Depths:3 | Identified the Compendium of Sinister Magic
 49794 | Depths:3 | Noticed a juggernaut
 49817 | Depths:3 | Killed a juggernaut
 49834 | Depths:3 | Got a steaming hunting sling
 49837 | Depths:3 | Got an iridescent morningstar
 49846 | Depths:3 | Got a bloodstained broad axe
 49883 | Depths:3 | Got a crude cloak
 49894 | Depths:3 | Identified the +2 cloak "Qivam" {rElec MR- Str+9 Dex+4}
                  | (You found it on level 3 of the Depths)
 50105 | Depths:4 | Gained mutation: You are weak. (Str -2) [mutagenic glow]
 50111 | Depths:4 | Paralysed by a great orb of eyes for 6 turns
 50118 | Depths:4 | Reached skill level 15 in Maces & Flails
 50121 | Depths:4 | Paralysed by a great orb of eyes for 7 turns
 50199 | Depths:3 | Gained mutation: You do not regenerate when monsters are
                  | visible. [mutagenic glow]
 50480 | Depths:4 | Noticed a golden dragon
 50488 | Depths:4 | Noticed a golden dragon
 50973 | Depths:3 | Killed a golden dragon
 51245 | Depths:4 | Cast into level 2 of the Abyss (a deep elf demonologist)
 51302 | Abyss:2  | Gained mutation: Scrolls take you a little longer to read.
                  | [a neqoxec]
 51368 | Depths:4 | Escaped the Abyss
 51522 | Depths:4 | Identified the +3 spear of the Fulmar {flame, rF++ rN+
                  | Int-5 SInv}
 51793 | Depths:4 | Got a faintly humming ring mail
 51845 | Depths:4 | Reached XP level 24. HP: 168/168 MP: 38/38
 52768 | Depths:5 | Entered Level 5 of the Depths
 52837 | Depths:5 | Noticed an ancient lich
 52859 | Depths:5 | Killed an ancient lich
 53144 | Depths:5 | Got a faintly glowing steel ring
 53147 | Depths:5 | Identified the ring of Epikaguo {rC+++ MR+ Str-2} (You
                  | acquired it on level 5 of the Depths)
 53151 | Depths:5 | Identified the cursed +1 morningstar "Qaec" {crush, Int+3
                  | Stlth-} (You found it on level 3 of the Depths)
 54116 | Depths:5 | Found a gate to the Realm of Zot.
 54411 | Depths:5 | Identified the Incunabulum of Vitriolic Translocation
 54840 | Hell     | Entered the Vestibule of Hell
 54840 | Hell     | Noticed Geryon
 54885 | Hell     | Reached XP level 25. HP: 169/175 MP: 38/38
 54920 | Hell     | Killed Geryon
 54924 | Hell     | Found a gateway to the decaying netherworld of Tartarus.
 55179 | Hell     | Found a gateway to the ashen valley of Gehenna.
 55323 | Hell     | Found a gateway to the Iron City of Dis.
 55377 | Hell     | Found a gateway to the freezing wastes of Cocytus.
 55559 | Tar:1    | Entered Level 1 of Tartarus
 56323 | Tar:2    | Lost mutation: Scrolls take you a little longer to read.
                  | [potion of mutation]
 56323 | Tar:2    | Lost mutation: You are weak. (Str -2) [potion of mutation]
 56323 | Tar:2    | Gained mutation: Scrolls take you a little longer to read.
                  | [potion of mutation]
 56323 | Tar:2    | Gained mutation: Your muscles are strong. (Str +2) [potion
                  | of mutation]
 56323 | Tar:2    | Lost mutation: Scrolls take you a little longer to read.
                  | [potion of mutation]
 56771 | Tar:3    | You are sucked into a shaft and drop 3 floors!
 56967 | Tar:6    | Reached XP level 26. HP: 183/183 MP: 39/39
 57184 | Tar:7    | Entered Level 7 of Tartarus
 57558 | Tar:7    | Got a twisted scale mail
 57622 | Tar:7    | Identified the Handbook of Dislocation and Transformation
 58103 | Tar:7    | Identified the Guide on Flight
 58417 | Tar:7    | Reached XP level 27. HP: 165/190 MP: 40/40
 58716 | Tar:7    | Noticed Ereshkigal
 58749 | Tar:7    | Killed Ereshkigal
 58824 | Tar:7    | Got a bone rune of Zot
 58893 | Tar:7    | Identified Vehumet's Grimoire of Attacks
 59257 | Geh:1    | Entered Level 1 of Gehenna
 60303 | Geh:3    | Reached skill level 27 in Invocations
 60805 | Geh:7    | Entered Level 7 of Gehenna
 62110 | Geh:7    | Identified the +7 sceptre of Asmodeus
 62110 | Geh:7    | Noticed Asmodeus
 62144 | Geh:7    | Killed Asmodeus
 62240 | Geh:7    | Got an obsidian rune of Zot
 63049 | Vaults:3 | Bought a scroll of acquirement for 988 gold pieces
 63051 | Vaults:3 | Got a faintly humming cloak
 63062 | Vaults:3 | Identified the +1 cloak "Imemnigi" {rC+ Str+4 Slay-3} (You
                  | acquired it on level 3 of the Vaults)
 63165 | Vaults:5 | Entered Level 5 of the Vaults
 63460 | Vaults:5 | Reached skill level 27 in Fighting
 63473 | Vaults:5 | Paralysed by a sphinx for 5 turns
 64277 | Vaults:5 | Noticed an ancient lich
 64592 | Vaults:5 | Identified the ring of Jotzietu {*Corrode rElec rF+ rC+
                  | SInv}
 64606 | Vaults:5 | Killed an ancient lich
 64899 | Vaults:5 | Identified the cursed +0 scale mail of Nuoxugix {rElec MR-
                  | Str+4 SInv} (You found it on level 7 of Tartarus)
 64907 | Vaults:5 | Identified the +6 broad axe "Vunilom" {chop, Str+4 Int+2
                  | Dex-2 Stlth+} (You found it on level 3 of the Depths)
 64989 | Vaults:5 | Found Risoom's Distillery.
 65011 | Vaults:5 | Bought a potion of mutation for 112 gold pieces
 65011 | Vaults:5 | Bought a potion of heal wounds for 70 gold pieces
 65011 | Vaults:5 | Bought a potion of heal wounds for 70 gold pieces
 65407 | Vaults:5 | Got a brightly glowing copper ring
 65408 | Vaults:5 | Identified the ring of the Scavenger {*Drain rF+ rN+ MP+9}
                  | (You found it on level 5 of the Vaults)
 65563 | Vaults:5 | Got a silver rune of Zot
 65566 | Vaults:5 | Identified the Disquisition on the Volcanoes
 65602 | Vaults:5 | Got a heavily runed scale mail
 65626 | Vaults:5 | Identified the +1 scale mail "Hecuot" {rElec rF+++ rN+
                  | MP-9} (You found it on level 5 of the Vaults)
 66235 | Slime:1  | Entered Level 1 of the Pits of Slime
 66241 | Slime:2  | Gained mutation: Armour fits poorly on your strangely
                  | shaped body. [a shining eye]
 67049 | Slime:5  | Entered Level 5 of the Pits of Slime
 67079 | Slime:5  | Gained mutation: Your spells are a little easier to cast,
                  | but a little less powerful. [a shining eye]
 67128 | Slime:5  | Found a viscous altar of Jiyva.
 67129 | Slime:5  | Noticed the Royal Jelly
 67163 | Slime:5  | Killed the Royal Jelly
 67187 | Slime:5  | HP: 3/199 [acid[the Royal Jelly] (16)]
 67188 | Slime:5  | Splashed by an acid blob's acid

Levels and vault maps discovered:
D:1:      erik_arrival_blinker_ship, layout_basic, palyth_stone_intersect,
          minmay_bisected
D:2:      layout_loops_ring, lightli_temple_of_fire, minmay_misc_feat_cross,
          hangedman_decor_riveting, minmay_crystal_room, nicolae_ru_awakened_eye
D:3:      layout_loops_cross, columned_hall_lemuel, dk_xom_monty_hall
D:4:      layout_loops_ring, overflow_temple_1_default, uniq_ijyb, uniq_grinder
D:5:      layout_basic, yredelemnul_altar_generic, first_ration,
          lightli_sewer_entry_pipes, uniq_pikel, uniq_duvessa,
          uniq_prince_ribbit1
D:6:      minmay_chambers_of_sixes, layout_loops_cross,
          minmay_temple_entry_gardened_gates, grunt_dithmenos_smoke
D:7:      layout_cave_pods, nicolae_tso_swordbearing_angel
D:8:      layout_rooms, elyvilon_altar_4, okawaru_gym_becter,
          minmay_guarded_unrand_finisher, uniq_grum, uniq_psyche, uniq_joseph
D:9:      minmay_general_purpose_star, layout_long_grid, orc_0_dummy,
          serial_shops, shop, grunt_pizzeria, uniq_gastronok
D:10:     layout_stronghold, minivault_25, uniq_erica, uniq_snorg
D:11:     layout_loops_ring, david_lair_shrubbed, basic_altar, serial_shops,
          nicolae_shop_crystal, bh_circular_ruins
D:12:     layout_cave_pods, nrook_loot_triangle, st_stairs_11,
          hangedman_abyss_or_decor_passed, tgw_lugonu_bribe
D:13:     nzn_motion_control, layout_loops_corners, erik_vaults_2, serial_shops,
          kennysheep_mini_moat, nicolae_two_hexagons, minivault_27,
          hangedman_decor_peaks_small
D:14:     layout_long_grid
D:15:     gammafunk_enter_depths_forms, layout_basic, serial_bayou_shore_a,
          minmay_checkerbox
Temple:   nicolae_temple_elliptical
Lair:1:   layout_chaotic_city, serial_bayou_shore_b, uniq_sonja
Lair:2:   layout_layer_cave, nicolae_spider_entry_non_spiders
Lair:3:   layout_roguey, nicolae_quartered_pool_medium, patterned_corridor
Lair:4:   layout_long_grid, elwin_shoals_entry_stream, worms_lemuel,
          uniq_nergalle
Lair:5:   layout_cave_pods, slime_altar_1, beast_lair_carwin_2,
          grunt_megastairs_1
Lair:6:   grunt_lair_end_beastmaster, layout_loops_ring,
          infiniplex_staircase_pool
Shoals:1: cheibrodos_shoals_epimethial_gifts, layout_shoals
Shoals:2: layout_shoals, lemuel_oklob_altar
Shoals:3: layout_shoals, ebering_ghost_gozag
Shoals:4: shoals_end_hangedman, layout_shoals
Spider:1: spiders_nest_scorpion_pit, drop_trap, uniq_frances, uniq_nikola,
          uniq_agnes, uniq_asterion
Spider:2: layout_spider_delve, zaba_antful_of_joy, uniq_aizul
Spider:3: layout_spider_delve
Spider:4: spider_rune_water, ebering_ghost_reflecting_pool,
          nicolae_spider_shape, uniq_arachne
Slime:1:  layout_caves
Slime:2:  layout_caves
Slime:3:  layout_caves
Slime:4:  layout_caves, basic_altar, nicolae_slime_phagocytosis
Slime:5
Orc:1:    layout_caves, basic_altar, david_defended_altar_orc
Orc:2:    st_orc_rangers, layout_diamond_mine, serial_shops, shop,
          mines5_lemuel, uniq_maurice
Vaults:1: st_quartered_hall, ontoclasm_vaults_misaligned, v_misc_2,
          v_alt_pattern_5, vaults_room_pools, ontoclasm_vaults_twist,
          nicolae_vaults_network_s, hangedman_vaults_stream, v_misc_18,
          v_pattern_1, ontoclasm_vaults_idyll, ontoclasm_vaults_pinch,
          layout_vaults_ring, serial_shops, shop_statue, shop,
          nicolae_shop_statue_plus
Vaults:2: v_misc_9, vaults_room_hallway, minmay_crypt_entry_simple_box,
          ontoclasm_vaults_ring_square, v_alt_pattern_1, v_misc_16,
          nicolae_vaults_big_ls, nicolae_vaults_little_squares_2,
          nicolae_vaults_sealed_display, hangedman_vaults_corner_blocks,
          ontoclasm_vaults_loading_screen, vaults_room_fancy_cross,
          dpeg_vaults_monster_box, vaults_room_grunt_arrival_checkpoint,
          v_misc_14, v_misc_14, ontoclasm_vaults_eye, ontoclasm_vaults_shuriken,
          nicolae_vaults_asterisk, layout_vaults_omnicross, serial_shops,
          nicolae_shop_behind_doors
Vaults:3: hangedman_vaults_maws, st_smaller_cells, grunt_vaults_swirl,
          grunt_vaults_diagonal, vaults_dpeg_diagonal, v_misc_28, v_misc_32,
          v_rooms_3, v_alt_pattern_6, ontoclasm_vaults_ring_large, v_misc_23,
          nicolae_vaults_theta, layout_vaults_maze, serial_shops, shop,
          nicolae_shop_window_shopping
Vaults:4: v_rooms_6, v_alt_pattern_6, hangedman_vaults_impose,
          grunt_vaults_focal, grunt_vaults_hallway_long, grunt_vaults_funnel,
          ontoclasm_vaults_claustrophobia, nicolae_vaults_network_square,
          v_alt_pattern_3, v_misc_30, layout_vaults_big_room
Vaults:5
Crypt:1:  layout_catacombs, serial_sigils, serial_sigils_hangedman_scar,
          serial_sigils_hangedman_stare, serial_sigils_hangedman_carve,
          serial_sigils_hangedman_scratch, serial_sigils_hangedman_gnaw,
          serial_sigils_hangedman_snap, lemuel_freeze_loot_1
Depths:1: kennysheep_large_spiral, layout_gridville, enter_ziggurat_a,
          serial_bayou_ford_a, serial_shops, kennysheep_little_box, shop,
          hangedman_abyss_entry_splay, grunt_hell_entry_dis_old,
          ashenzari_altar_1, serial_bayou_shore_b
Depths:2: minmay_fractal_lines_corner, layout_long_grid, serial_shops, shop,
          kennysheep_big_empty_room, abyss_entry_small_statue_room, hell_entry,
          minmay_misc_feat_more_columns, infiniplex_staircase_spiral,
          uniq_enchantress
Depths:3: giant_chief_lemuel, layout_cave_pools, special_room
          [special_room_morgue], grunt_pan_entry_sceptre, pf_coc_iceberg,
          serial_shops, shop, minmay_misc_feat_hallway, grunt_decor_fettered,
          uniq_mara, uniq_sojobo, uniq_bai_suzhen, uniq_frederick
Depths:4: hangedman_pleasuredromes, hell_entry, abyss_entry
Depths:5: grunt_zot_entry_pinwheel, layout_cave_shapes,
          hangedman_tar_grid_catacomb, abyss_entry, minmay_misc_feat_diagonals,
          kennysheep_random_hallway
Hell
Geh:1:    layout_gehenna_pools_box
Geh:2:    layout_gehenna_pools_box
Geh:3:    layout_gehenna_pools_box
Geh:4:    layout_gehenna_pools_box, nicolae_geh_fiery_graves
          [nicolae_geh_single_fiery_grave, nicolae_geh_single_fiery_grave,
          nicolae_geh_single_fiery_grave, nicolae_geh_single_fiery_grave,
          nicolae_geh_single_fiery_grave, nicolae_geh_single_fiery_grave,
          nicolae_geh_single_fiery_grave, nicolae_geh_single_fiery_grave,
          nicolae_geh_single_fiery_grave]
Geh:5:    layout_gehenna_pools_box, nicolae_geh_amphitheater
Geh:6:    layout_gehenna_lava_caves
Geh:7:    geh_hangedman
Tar:1:    layout_cathedral_of_symmetry
Tar:2:    layout_catacombs
Tar:3:    layout_honeycomb
Tar:6:    layout_honeycomb, nicolae_tar_cuneiform_sun,
          nicolae_tar_cuneiform_to_be
Tar:7:    tar_grunt_cathedral

Skill      XL: |  1  2  3  4  5  6  7  8  9 10 11 12 13 14 15 16 17 18 19 20 21 22 23 24 25 26 27 |
---------------+----------------------------------------------------------------------------------+-----
Armour         | 1 2 3 4 5 7 9 10 11 12 13 14 15 16 21 | 21.7
Maces & Flails | 4 5 6 9 10 12 13 14 15 16 | 16.0
Fighting       | 3 4 5 7 8 9 10 12 13 14 15 16 17 18 19 21 22 23 24 27 | 27.0
Invocations    | 1 5 7 9 11 13 15 16 17 18 19 20 21 22 23 24 26 27 | 27.0
Evocations     | 4 6 7 8 9 10 | 10.0
Shields        | 3 4 6 10 12 14 15 16 18 22 | 22.2
Dodging        | 4 7 9 10 | 10.0
Throwing       | |  1.7

Action                   |  1- 3 |  4- 6 |  7- 9 | 10-12 | 13-15 | 16-18 | 19-21 | 22-24 | 25-27 || total
-------------------------+-------+-------+-------+-------+-------+-------+-------+-------+-------++-------
Melee: Flail             |    98 |   211 |   616 |   210 |       |       |       |       |       ||  1135
       Dagger            |       |    51 |       |       |       |       |       |       |       ||    51
       Shillelagh        |       |       |       |   257 |   789 |  1182 |  1399 |   990 |    34 ||  4651
       Morningstar       |       |       |       |       |       |     2 |       |       |       ||     2
       Sacred scourge    |       |       |       |       |       |       |       |   469 |  3180 ||  3649
       Mace              |       |       |       |       |       |       |       |     2 |       ||     2
       Eveningstar       |       |       |       |       |       |       |       |       |   376 ||   376
Invok: Divine Shield     |       |       |       |     1 |     7 |    11 |     3 |     5 |     5 ||    32
       Cleansing Flame   |       |       |       |       |     2 |    11 |    19 |    24 |    40 ||    96
       Summon Divine War |       |       |       |       |       |     1 |       |     2 |     3 ||     6
       Brand Weapon With |       |       |       |       |       |       |       |     1 |       ||     1
 Abil: Fly               |       |       |       |       |       |     1 |     1 |     2 |     2 ||     6
       Stop Flying       |       |       |       |       |       |       |     1 |     3 |     1 ||     5
Evoke: Wand              |       |       |       |     8 |     3 |    12 |       |     1 |       ||    24
  Use: Potion            |       |     1 |       |     2 |     1 |     5 |     2 |     4 |     8 ||    23
       Scroll            |       |       |    15 |    10 |     8 |    10 |    16 |    21 |    11 ||    91
  Eat: Chunk             |       |     7 |    27 |    30 |    20 |    30 |    35 |    26 |    16 ||   191
       Ration            |       |       |       |       |     1 |     3 |     2 |     3 |    10 ||    19
Armor: Plate armour      |    95 |   241 |   409 |   328 |    10 |       |   352 |   487 |       ||  1922
       Leather armour    |     4 |       |       |       |       |       |       |       |       ||     4
       Skin              |       |     6 |       |    18 |       |       |       |       |       ||    24
       Chain mail        |       |       |       |       |   423 |   879 |   217 |       |       ||  1519
       Gold dragon scale |       |       |       |       |       |       |       |   242 |  1765 ||  2007
Dodge: Dodged            |    44 |    99 |   184 |   142 |   205 |   440 |   324 |   665 |  1189 ||  3292
Block: Other             |       |       |       |     1 |    11 |   122 |       |       |       ||   134
       Buckler           |       |       |       |       |   147 |   478 |    44 |       |       ||   669
       Reflection        |       |       |       |       |    12 |    35 |   112 |    49 |    52 ||   260
       Shield            |       |       |       |       |       |       |   839 |  1053 |  2777 ||  4669
